 Dungeon Crawl Stone Soup version 0.22-a0-396-g3f858e3 (webtiles) character file.

5203 Kairos the Cudgeler (level 10, 0/76 HPs)
             Began as a Demonspawn Fighter on May 3, 2018.
             Was an Elder of Okawaru.
             Succumbed to a water moccasin's poison
             ... on level 1 of the Lair of Beasts.
             The game lasted 00:17:08 (9483 turns).

Kairos the Cudgeler (Demonspawn Fighter)            Turns: 9483, Time: 00:17:09

Health: 0/76       AC: 13    Str: 25    XL:     10   Next: 34%
Magic:  10/10      EV:  7    Int: 10    God:    Okawaru [****..]
Gold:   608        SH: 11    Dex: 12    Spells: 9/9 levels left

rFire    . . .     SeeInvis .   H - +2 war axe (flame)
rCold    . . .     Gourm    .   c - +0 shield
rNeg     . . .     Faith    +   J - +0 chain mail (curse)
rPois    .         Spirit   .   (no helmet)
rElec    .         Reflect  .   (no cloak)
rCorr    .         Harm     .   (no gloves)
MR       .....                  e - +0 pair of boots
Stlth    +.........             x - amulet of faith
HPRegen  0.22/turn              (no ring)
MPRegen  0.12/turn              (no ring)

@: mighty, lethally poisoned (0 -> -19), flying
A: talons 1, slimy green scales 1, demonic guardian 3, nightstalker 2
a: Heroism, Renounce Religion


You were on level 1 of the Lair of Beasts.
You worshipped Okawaru.
Okawaru was greatly pleased with you.
You were hungry.

You visited 3 branches of the dungeon, and saw 10 of its levels.
You also visited: Ossuary.

You collected 608 gold pieces.

Inventory:

Hand Weapons
 a - a +0 flail
 H - a +2 war axe of flaming (weapon)
Armour
 b - a +0 scale mail
 c - a +0 shield (worn)
 e - a +0 pair of boots (worn)
 n - a +0 chain mail
 J - a cursed +0 chain mail (worn)
Jewellery
 x - an amulet of faith (around neck)
 I - a +5 amulet of reflection {unknown}
Wands
 o - a wand of paralysis (10)
 v - a wand of flame (67)
 z - a wand of random effects (34)
 A - a wand of polymorph (6)
 F - a wand of clouds (9)
Scrolls
 g - a scroll of fog
 h - 2 scrolls of immolation {unknown}
 j - 4 scrolls of amnesia {unknown}
 k - 5 scrolls of identify
 m - 4 scrolls of enchant armour {unknown}
 q - 2 scrolls of random uselessness
 u - 2 scrolls of blinking
 w - 2 scrolls of noise
 y - 3 scrolls of enchant weapon
 B - a scroll of silence {unknown}
 C - a scroll of vulnerability {unknown}
 D - 4 scrolls of remove curse {unknown}
 G - 3 scrolls of fear {unknown}
Potions
 d - a potion of might
 i - a potion of flight
 p - a potion of mutation {unknown}
 r - 5 potions of heal wounds {unknown}
 s - a potion of ambrosia {unknown}
 E - a potion of lignification {unknown}
Comestibles
 f - 20 rations
 t - a chunk of flesh


   Skills:
 + Level 6.2 Fighting
 + Level 6.5(8.2) Axes
 + Level 7.5(8.7) Maces & Flails
 + Level 5.9 Armour
 + Level 2.1 Dodging
 + Level 1.1 Stealth
 + Level 6.8 Shields
 + Level 0.2 Invocations
 + Level 0.4 Evocations


You had 9 spell levels left.
You didn't know any spells.

Dungeon Overview and Level Annotations

Branches:
Dungeon (8/15)             Temple (1/1) D:7            Lair (1/6) D:8

Altars:
Ashenzari
Fedhas
Gozag
Nemelex Xobeh
Okawaru

Shops:
D:6 (


Innate Abilities, Weirdness & Mutations

You have sharp toenails.
You are partially covered in slimy green scales. (AC +2)
A powerful demonic guardian rushes to your aid.
You are significantly more attuned to the shadows.


Message History

You feel very mighty all of a sudden.
* * * LOW HITPOINT WARNING * * *
You feel sick.
The water moccasin bites you but does no damage.
The water moccasin bites you!
* * * LOW HITPOINT WARNING * * *
You closely miss the water moccasin.
The water moccasin is severely wounded.
* * * LOW HITPOINT WARNING * * *
You feel very sick. The water moccasin bites you.
* * * LOW HITPOINT WARNING * * *
The water moccasin bites you but does no damage.
It was a potion of flight.
You feel very buoyant.
You fly up into the air.
* * * LOW HITPOINT WARNING * * *
You feel sick. You block the water moccasin's attack.
It was a potion of magic.
Magic courses through your body.
You die...

.......)....
............. ....
............. ....
............. ...
............. ..
#.#####+####..........
...#.....................
.......S@.....#..........
...#..........#.########.
. #..........P.P# #.
+...)......P..# #.
#..........#.## #.
..#.............# #.
..#....†.....#.## #.
...##P.####.##..# #.
...............## ###.


You could see a water moccasin.

Vanquished Creatures
  A hippogriff (Lair:1)
  2 yaks (D:8)
  2 hogs (D:7)
  A basilisk (D:8)
  A water moccasin (Lair:1)
  An orc warrior (D:8)
  7 porcupines
  2 sky beasts (D:8)
  An ice beast (D:6)
  An ogre (D:8)
  A centaur (D:6)
  A big kobold (D:6)
  4 bullfrogs
  A scorpion (D:6)
  6 wights
  A howler monkey (D:4)
  3 crimson imps
  A bullfrog zombie (D:6)
  2 hounds (D:7)
  5 orc wizards
  5 orc priests
  A centaur skeleton (D:7)
  Jessica (D:3)
  13 worker ants
  2 worker ant zombies
  2 gnolls (D:3)
  7 adders
  A shadow imp (D:8)
  2 oozes
  An adder skeleton (D:4)
  2 adder zombies
  3 worms
  3 dart slugs
  7 leopard geckos
  28 orcs
  7 bats
  9 giant cockroaches
  10 goblins
  10 hobgoblins
  12 jackals
  7 kobolds
  2 quokkas (D:4)
  A ball python (D:4)
  A ball python skeleton (Ossuary)
  A frilled lizard (D:4)
  2 hobgoblin skeletons (Ossuary)
  A hobgoblin zombie (Ossuary)
  3 orc skeletons (Ossuary)
  An orc zombie (Ossuary)
  2 rats
191 creatures vanquished.

Vanquished Creatures (collateral kills)
  The ghost of TheNamelessOne the Nimble, a novice MfTm of Cheibriados (D:8)
  Joseph (D:7)
  A human (D:7)
  2 wraiths (Ossuary)
  2 hogs (D:7)
  3 yaks (D:8)
  An orc warrior (D:7)
  2 ogres
  A phantom (D:6)
  A bullfrog (D:6)
  An orc priest (D:6)
  2 orc wizards
  2 gnolls (D:4)
  2 orcs
  A kobold (D:6)
23 creatures vanquished.

Vanquished Creatures (others)
  An ice beast (D:8)
  2 crocodiles (D:8)
  3 howler monkeys (D:8)
  An orc wizard (D:8)
  An orc (D:8)
  3 fungi (D:8)
  15 plants (D:8)
26 creatures vanquished.

Grand Total: 240 creatures vanquished

Notes
Turn   | Place    | Note
-------+----------+-------------------------------------------
     0 | D:1      | Kairos the Demonspawn Fighter began the quest for the Orb.
     0 | D:1      | Reached XP level 1. HP: 18/18 MP: 1/1
   184 | D:1      | Gained mutation: A weak demonic guardian rushes to your aid. [demonic ancestry]
   184 | D:1      | Reached XP level 2. HP: 22/24 MP: 2/2
   458 | D:1      | Reached skill level 2 in Maces & Flails
   635 | D:1      | Gained mutation: You are partially covered in slimy green scales. (AC +2) [demonic ancestry]
   635 | D:1      | Reached XP level 3. HP: 24/29 MP: 3/3
  1964 | D:2      | Gained mutation: A demonic guardian rushes to your aid. [demonic ancestry]
  1964 | D:2      | Reached XP level 4. HP: 35/35 MP: 4/4
  2052 | D:3      | Noticed Jessica
  2297 | D:3      | Killed Jessica
  2297 | D:3      | Reached skill level 3 in Maces & Flails
  3038 | D:4      | Found a blossoming altar of Fedhas.
  3089 | D:4      | Gained mutation: You are slightly more attuned to the shadows. [demonic ancestry]
  3089 | D:4      | Reached XP level 5. HP: 41/41 MP: 5/5
  3265 | D:2      | Reached skill level 4 in Maces & Flails
  3781 | D:4      | Reached skill level 1 in Dodging
  3883 | D:4      | Reached XP level 6. HP: 46/47 MP: 6/6
  4097 | D:5      | Entered Level 5 of the Dungeon
  4956 | D:6      | Noticed an ice beast
  4975 | D:6      | Killed an ice beast
  4975 | D:6      | Reached skill level 5 in Maces & Flails
  4975 | D:6      | Gained mutation: You are significantly more attuned to the shadows. [demonic ancestry]
  4975 | D:6      | Reached XP level 7. HP: 43/53 MP: 7/7
  4982 | D:6      | Found an opulent altar of Gozag.
  5212 | D:6      | Found Kapsif's Antique Weapon Shoppe.
  5244 | D:6      | Reached skill level 6 in Maces & Flails
  5274 | D:6      | Found a sand-covered staircase.
  5279 | Ossuary  | Entered an ossuary
  5463 | Ossuary  | Noticed a flying skull
  5463 | Ossuary  | Noticed a wraith
  5471 | Ossuary  | Noticed a flying skull
  5473 | Ossuary  | Noticed a flying skull
  5498 | Ossuary  | Noticed a flying skull
  5541 | Ossuary  | Gained mutation: You have sharp toenails. [demonic ancestry]
  5541 | Ossuary  | Reached XP level 8. HP: 48/60 MP: 8/8
  5550 | Ossuary  | Noticed a flying skull
  5558 | Ossuary  | Reached skill level 5 in Shields
  5698 | D:6      | Found a sparkling altar of Nemelex Xobeh.
  6211 | D:6      | Reached skill level 7 in Maces & Flails
  6448 | D:7      | Noticed Joseph
  6460 | D:7      | Killed Joseph
  6735 | D:7      | Reached skill level 5 in Armour
  6753 | D:7      | Reached XP level 9. HP: 29/67 MP: 9/9
  6957 | D:7      | Reached skill level 5 in Fighting
  7124 | D:7      | Found a staircase to the Ecumenical Temple.
  7172 | Temple   | Entered the Ecumenical Temple
  7181 | Temple   | Became a worshipper of Warmaster Okawaru
  7459 | D:7      | Reached skill level 1 in Axes
  7474 | D:7      | Reached * piety under Okawaru
  7989 | D:8      | Reached skill level 1 in Stealth
  8025 | D:8      | Found a shattered altar of Ashenzari.
  8025 | D:8      | Noticed TheNamelessOne's ghost (novice MfTm)
  8048 | D:8      | Killed TheNamelessOne's ghost
  8190 | D:8      | Reached ** piety under Okawaru
  8268 | D:8      | Reached skill level 5 in Axes
  8268 | D:8      | Gained mutation: A powerful demonic guardian rushes to your aid. [demonic ancestry]
  8268 | D:8      | Reached XP level 10. HP: 47/76 MP: 10/10
  8447 | D:8      | Reached *** piety under Okawaru
  8706 | D:8      | Found a staircase to the Lair.
  9271 | Lair:1   | Entered Level 1 of the Lair of Beasts
  9354 | Lair:1   | Reached **** piety under Okawaru
  9481 | Lair:1   | HP: 3/76 [water moccasin (4)]
  9482 | Lair:1   | HP: 1/76 [poisoned by a water moccasin]
  9483 | Lair:1   | Succumbed to a water moccasin's poison

Vault maps used:
D:1:      erik_arrival_cave_to_civilisation
D:2:      first_ration
D:3:      uniq_jessica
D:4:      fedhas_altar_3, gup_sewer_entry_pipe, minivault_4
D:6:      grunt_gozag_statues, overflow_temple_1_default, serial_shops,
          kennysheep_mini, enter_ossuary_5
D:7:      minmay_temple_entry_large_hall, grunt_livestock,
          hangedman_decor_peaks_small, uniq_joseph
D:8:      lemuel_round_altar, minmay_lair_entry_grove, lemuel_flamethrower_2
Temple:   regret_index_temple_mists
Lair:1:   serial_bayou_pond_a, serial_bayou_shore_b
Ossuary:  ossuary_due_cavern

Skill      XL: |  1  2  3  4  5  6  7  8  9 10 |
---------------+-------------------------------+-----
Shields        | 3 4 5 6 |  6.8
Maces & Flails | 2 3 4 5 6 7 |  7.5
Armour         | 3 4 5 |  5.9
Dodging        | 1 2 |  2.1
Fighting       | 4 5 6 |  6.2
Axes           | 5 6 |  6.5
Stealth        | 1 |  1.1
Invocations    | |  0.2
Evocations     | |  0.4

Action                   |  1- 3 |  4- 6 |  7- 9 | 10-12 || total
-------------------------+-------+-------+-------+-------++-------
Melee: Flail             |   166 |   208 |   314 |       ||   688
       Unarmed           |       |     2 |       |       ||     2
       War axe           |       |       |   150 |    59 ||   209
Invok: Heroism           |       |       |     1 |       ||     1
Evoke: Wand              |       |       |     4 |       ||     4
  Use: Potion            |     2 |     1 |     1 |     3 ||     7
       Scroll            |       |       |     7 |       ||     7
 Stab: Paralysed         |       |       |     2 |       ||     2
       Distracted        |       |       |     1 |       ||     1
  Eat: Chunk             |     3 |     9 |     9 |     4 ||    25
       Ration            |       |       |     1 |       ||     1
Armor: Scale mail        |    58 |       |       |       ||    58
       Chain mail        |    57 |   144 |   294 |    22 ||   517
Dodge: Dodged            |    51 |    60 |   115 |    16 ||   242
Block: Shield            |   118 |   105 |   262 |    30 ||   515

Table legend:
 A = Spawn XP
 B = Non-spawn XP
 C = Spawn XP percentage of total XP
 D = Spawn monster count
 E = Non-spawn monster count
 F = Spawn count percentage of total count
 G = Total turns spent on level
                    A         B        C        D         E        F      G
               +---------+---------+-------+---------+---------+-------+---------
         Total |       0 |    7433 |   0.0 |       0 |     214 |   0.0 |  9483
               +---------+---------+-------+---------+---------+-------+---------
           D:1 |       0 |      45 |   0.0 |       0 |      21 |   0.0 |  1103
           D:2 |       0 |      85 |   0.0 |       0 |      19 |   0.0 |  1583
           D:3 |       0 |     112 |   0.0 |       0 |      20 |   0.0 |   938
           D:4 |       0 |     244 |   0.0 |       0 |      20 |   0.0 |   473
           D:5 |       0 |     164 |   0.0 |       0 |      12 |   0.0 |   907
           D:6 |       0 |     996 |   0.0 |       0 |      30 |   0.0 |  1078
           D:7 |       0 |    1748 |   0.0 |       0 |      29 |   0.0 |  1367
           D:8 |       0 |    2852 |   0.0 |       0 |      44 |   0.0 |  1443
        Lair:1 |       0 |     788 |   0.0 |       0 |       5 |   0.0 |   212
       Ossuary |       0 |     399 |   0.0 |       0 |      14 |   0.0 |   360
               +---------+---------+-------+---------+---------+-------+---------
